 Seeded DCSS version 0.30-a0-373-gd37427bb62 (webtiles) character file.

Game seed: 16224117804275112263 (custom seed)

85 flotson the Sneak (level 4, 0/36 HPs)
             Began as a Demonspawn Delver on Nov 24, 2022.
             Slain by Terence
             ... wielding a +0 short sword
              (4 damage)
             ... on level 2 of the Dungeon.
             The game lasted 00:02:17 (446 turns).

flotson the Sneak (Demonspawn Delver)                Turns: 446, Time: 00:02:17

Health: 0/36       AC: 12    Str: 14    XL:     4   Next: 25%
Magic:  13/13      EV:  9    Int: 12    God:
Gold:   18         SH:  0    Dex: 14    Spells: 3/3 levels left

rFire   . . .      SeeInvis +    b - +0 trident
rCold   . . .      Faith    .    (no shield)
rNeg    + . .      Spirit   .    h - +5 scale mail of Mumblety Peg {rN+ MP+9 SInv}
rPois   .          Reflect  .    (no helmet)
rElec   .          Harm     .    (no cloak)
rCorr   .          Rampage  .    (no gloves)
Will    +....                    (no boots)
Stlth   ++........               (no amulet)
HPRegen 0.26/turn                i - ring of willpower
MPRegen 0.26/turn                (no ring)

@: brilliant
A: magic regeneration, sharp scales 1, weakness stinger 1
a: no special abilities


You were on level 2 of the Dungeon.
You visited 1 branch of the dungeon, and saw 4 of its levels.

You collected 18 gold pieces.

Inventory:

Hand Weapons
 b - a +0 trident (weapon)
Missiles
 j - 3 poisoned darts (quivered)
Armour
 h - the +5 scale mail of Mumblety Peg (worn) {rN+ MP+9 SInv}
   (You found it on level 5 of the Dungeon)

   rN:        It protects you from negative energy.
   MP:        It affects your magic capacity (+9).
   SInv:      It lets you see invisible.
Jewellery
 i - a ring of willpower (left hand)
Wands
 g - a wand of digging (3)
Scrolls
 c - a scroll of fog
 d - a scroll of magic mapping


   Skills:
 + Level 3.6 Fighting
 - Level 2.5 Polearms
 + Level 0.0 Throwing
 + Level 0.0 Armour
 + Level 2.5 Dodging
 - Level 5.0 Stealth
 + Level 0.0 Evocations


You had 3 spell levels left.
You didn't know any spells.
Your spell library was empty.

Dungeon Overview and Level Annotations

Branches:
Dungeon (5/15)
 Temple: D:4-7

Altars:
Gozag

Annotations:
D:2 Terence


Innate Abilities, Weirdness & Mutations

You regenerate magic rapidly.
You are partially covered in razor-sharp scales. (AC +1, Slay +1)
You have a small tail.


Message History

You tail-slap Terence, but do no damage.
Terence is moderately wounded.
Terence hits you but does no damage. Terence closely misses you.
You barely miss Terence.
Terence is moderately wounded.
Terence hits you with a +0 short sword.
You are too injured to fight recklessly!
You are too injured to fight recklessly!
You are too injured to fight recklessly!
You are too injured to fight recklessly!
You are too injured to fight recklessly!
Unknown command.
As you read the scroll of fear, it crumbles to dust.
You assume a fearsome visage.
Terence is unaffected.
The kobold looks frightened!
The hobgoblin looks frightened!
Terence hits you but does no damage. Terence barely misses you.
Okay, then.
Unknown command.
Unknown command.
Press: ? - help, v - describe, . - travel
Here: Terence, wielding a +0 short sword and wearing a +0 chain mail (moderately wounded, berserk)
The floor, spattered with blood.
Unknown command.
Unknown command.
It was a potion of brilliance.
You feel clever all of a sudden. Terence hits you with a +0 short sword!
* * * LOW HITPOINT WARNING * * *
You aren't carrying any potions.
As you read the scroll labelled FEJUMNU MANASCH, it crumbles to dust.
It is a scroll of identify.
You don't have any unidentified items.
Terence closely misses you. Terence hits you with a +0 short sword.
* * * LOW HITPOINT WARNING * * *
Unknown command.
Terence attacks as you move away! Terence hits you but does no damage.
The hobgoblin howls, "Help!"
Terence rages.
Terence hits you with a +0 short sword.
You die...

#### ...##
#########..#
#.......##.##########
+.....@@'.....K......
#.......#####.######
#.......# #...#######
#.......# ###.#......
#.......# #..@.....
#.......# ##.......
#...g...# #..K....
........# #.......
##...$..


You could see Terence (berserk) and a hobgoblin (fleeing).

Vanquished Creatures
  An orc priest (D:4)
  An orc wizard (D:4)
  An adder (D:5)
  A dart slug (D:4)
  6 orcs
  A ball python (D:4)
  A bat (D:2)
  An endoplasm (D:3)
  A hobgoblin (D:2)
  A quokka (D:2)
  A goblin (D:4)
16 creatures vanquished.

Notes
Turn   | Place    | Note
-------+----------+-------------------------------------------
     0 | D:5      | flotson the Demonspawn Delver began the quest for the Orb.
     0 | D:5      | Reached XP level 1. HP: 18/18 MP: 1/1
    20 | D:5      | Gained mutation: You regenerate magic rapidly. [demonic
                  | ancestry]
    20 | D:5      | Reached XP level 2. HP: 16/24 MP: 2/2
    20 | D:5      | Identified the +5 scale mail of Mumblety Peg {rN+ MP+9
                  | SInv}
   111 | D:4      | Found an opulent altar of Gozag.
   119 | D:4      | Gained mutation: You have a small tail. [demonic ancestry]
   119 | D:4      | Reached XP level 3. HP: 22/29 MP: 3/3
   218 | D:4      | Reached skill level 5 in Stealth
   218 | D:4      | Gained mutation: You are partially covered in razor-sharp
                  | scales. (AC +1, Slay +1) [demonic ancestry]
   218 | D:4      | Reached XP level 4. HP: 16/35 MP: 4/4
   414 | D:2      | Noticed Terence
   446 | D:2      | Slain by Terence

Illustrated notes

Levels and vault maps discovered:
D:2:      layout_basic, uniq_terence
D:3:      layout_basic, minmay_vboxes
D:4:      layout_rooms, nicolae_overflow_squiral, lemuel_doored_altar,
          serial_shops, nicolae_shop_overgrown_old_shop, uniq_robin
D:5:      layout_rooms, kennysheep_little_box, minmay_holes

Skill      XL: |  1  2  3 |
---------------+----------+-----
Polearms       | 2 |  2.5
Dodging        | 2 |  2.5
Stealth        | 5 |  5.0
Fighting       | |  3.6

Action                   |  1- 3 |  4- 6 || total
-------------------------+-------+-------++-------
Melee: Spear             |    25 |       ||    25
       Trident           |    15 |    18 ||    33
       Tailslap          |       |     3 ||     3
  Use: Potion            |     1 |     1 ||     2
       Scroll            |       |     2 ||     2
 Stab: Sleeping          |     1 |     1 ||     2
Armor: Leather armour    |     3 |       ||     3
       Scale mail        |    10 |    18 ||    28
Dodge: Dodged            |    17 |    18 ||    35

Table legend: (Time is in decaauts)
 A = Elapsed time spent in this place.
 B = Non-inter-level travel time spent in this place.
 C = Inter-level travel time spent in this place.
 D = Time resting spent in this place.
 E = Time spent auto-exploring this place.
 F = Levels seen in this place.
 G = Mean time per level.
                   A        B        C        D        E       F      G
               +--------+--------+--------+--------+--------+-----+--------+
         Total |    434 |    434 |      0 |      0 |    219 |   4 |  108.5 |
       Dungeon |    434 |    434 |      0 |      0 |    219 |   4 |  108.5 |
               +--------+--------+--------+--------+--------+-----+--------+

Top non-repeatable levels by time:
     D:4: 289 daAuts
     D:2: 83 daAuts
     D:5: 34 daAuts
     D:3: 27 daAuts
